 Dungeon Crawl Stone Soup version 0.14.0-26-g1682e81 (webtiles) character file.

313 Paprika the Skirmisher (level 5, -6/33 HPs)
             Began as a Gargoyle Berserker on Apr 27, 2014.
             Was a Believer of Trog.
             Killed by divine providence
             ... invoked by an orc priest
              (14 damage)
             ... on Level 3 of the Dungeon.
             The game lasted 00:14:08 (2112 turns).

Paprika the Skirmisher (Gargoyle Berserker)         Turns: 2112, Time: 00:14:08

HP  -6/33        AC  9     Str 22      XL: 5   Next: 96%
MP   5/5         EV 10     Int  7      God: Trog [**....]
Gold 94          SH  0     Dex  9      Spells:  0 memorised,  4 levels left

rFire  . . .     SeeInvis .     a - +0 hand axe
rCold  . . .     Clarity  .     t - +0 ring mail
rNeg   + . .     Conserve .     (no shield)
rPois  +         rCorr    .     (no helmet)
rElec  +         rRot     +     (no cloak)
SustAb . .       Spirit   .     (no gloves)
rMut   .         Warding  .     (no boots)
Saprov . . .     Stasis   .     (no amulet)
MR     .....                    h - ring of teleport control
                                i - ring of sustenance

@: not resistant to hostile enchantments, extremely unstealthy
A: life protection 1, electricity resistance, unbreathing, petrification
resistance, AC +4
a: Burn Spellbooks, Berserk, Trog's Hand, Renounce Religion, Evoke Teleport
Control


You were on level 3 of the Dungeon.
You worshipped Trog.
Trog was pleased with you.
You were very hungry.

You visited 1 branch of the dungeon, and saw 3 of its levels.

You collected 94 gold pieces.

Inventory:

Hand weapons
 a - a +0,+0 hand axe (weapon)
 z - a +0,+0 long sword
Armour
 t - a +0 ring mail (worn)
Magical devices
 s - a wand of fireball (5) {unknown}
Comestibles
 c - 2 bread rations
 m - a slice of pizza
Scrolls
 e - a scroll of noise {unknown}
 j - 3 scrolls of enchant weapon I {unknown}
 k - 2 scrolls of blinking {unknown}
 l - 2 scrolls of teleportation {unknown}
 n - 2 scrolls of fog {unknown}
 o - a scroll of remove curse {unknown}
 p - a scroll of enchant weapon II {unknown}
 y - 3 scrolls of identify {unknown}
Jewellery
 g - an uncursed ring of ice
 h - a ring of teleport control (right hand)
 i - a ring of sustenance (left hand)
Potions
 d - a potion of curing {unknown}
 q - a potion of resistance {unknown}
 u - 2 potions of poison {unknown}
 v - a potion of invisibility {unknown}


   Skills:
 + Level 4.1 Fighting
 + Level 4.0 Axes
 + Level 3.1 Armour
 + Level 3.1 Dodging
 + Level 0.5 Stealth


You had 4 spell levels left.
You didn't know any spells.

Dungeon Overview and Level Annotations

Branches:
Dungeon (3/15)

Altars:
Cheibriados
Kikubaaqudgha
Nemelex Xobeh

Annotations:
D:3 hurdos' ghost, weakling HENe


Innate Abilities, Weirdness & Mutations

You are resistant to torment.
You are immune to poison.
You are immune to rotting.
Your stone body is very resilient (AC +4).
You resist negative energy.
You are resistant to electric shocks.
You can survive without breathing.
You are immune to petrification.


Message History

The orc priest looks braver.
You hit the orc.
You kill the orc!
Trog accepts your kill.
You hit the orc priest but do no damage.
The orc priest unwields an uncursed club.
The orc priest drops an uncursed club.
The orc priest picks up a flail.
The orc priest wields a flail.
You hit the orc priest but do no damage.
The orc priest hits you with a flail.
* * * LOW HITPOINT WARNING * * *
You completely miss the orc priest. The orc priest barely misses you.
You hit the orc priest but do no damage.
The orc priest barely misses you.
You closely miss the orc priest. The orc priest hits you with a flail.
* * * LOW HITPOINT WARNING * * *
You hit the orc priest but do no damage.
The orc priest mumbles some strange prayers to Beogh against you.
Something smites you!
You die...

. ########+## #.........#
#.........# ##
#.........########+##
.#####.........'.#.......# ###
.....#.........#@o.......######..
.###.'.........###.......'......#
.# ###.........# #.......########
.# ########### #.......# ##
#########


You could see an orc priest.

Vanquished Creatures
  A necrophage (D:3)
  An orc wizard (D:3)
  4 adders
  An ooze (D:2)
  4 orcs
  7 giant cockroaches
  4 hobgoblins
  6 kobolds
  4 bats
  A giant newt (D:3)
  5 goblins
  An orc skeleton (D:3)
  12 rats
51 creatures vanquished.

Notes
Turn   | Place    | Note
--------------------------------------------------------------
     0 | D:1      | Paprika, the Gargoyle Berserker, began the quest for the Orb.
     0 | D:1      | Reached XP level 1. HP: 14/14 MP: 1/1
   114 | D:1      | Reached XP level 2. HP: 17/19 MP: 2/2
   787 | D:2      | Reached XP level 3. HP: 23/23 MP: 3/3
   957 | D:2      | Found a snail-covered altar of Cheibriados.
  1017 | D:2      | Acquired Trog's second power
  1211 | D:2      | Found an ancient bone altar of Kikubaaqudgha.
  1289 | D:2      | Found a sparkling altar of Nemelex Xobeh.
  1528 | D:3      | Reached XP level 4. HP: 29/29 MP: 4/4
  1544 | D:3      | Noticed a necrophage
  1564 | D:3      | Killed a necrophage
  1564 | D:3      | Reached skill level 4 in Fighting
  1564 | D:3      | Reached XP level 5. HP: 13/33 MP: 5/5
  1933 | D:3      | Noticed hurdos' ghost (weakling HENe)
  2112 | D:3      | Killed from afar by an orc priest

Action                   |  1- 3 |  4- 6 || total
-------------------------+-------+-------++-------
Melee: Hand axe          |   132 |    45 ||   177
Invok: Berserk           |       |     2 ||     2
